 Dungeon Crawl Stone Soup version 0.24.0-29-g8ce449bc06 (webtiles) character file.

Game seed: 15569001217714118060, levelgen mode: deterministic

46 H0rd4k the Magician (level 3, -1/19 HPs)
             Began as a Deep Elf Wizard on Nov 15, 2019.
             Slain by a worm (10 damage)
             ... on level 2 of the Dungeon.
             The game lasted 00:02:42 (1293 turns).

H0rd4k the Magician (Deep Elf Wizard)               Turns: 1293, Time: 00:02:42

Health: -1/19      AC:  2    Str:  4    XL:     3   Next: 44%
Magic:  1/12       EV: 13    Int: 23    God:
Gold:   109        SH:  0    Dex: 13    Spells: 4/13 levels left

rFire    . . .     SeeInvis .   (no weapon)
rCold    . . .     Gourm    .   (no shield)
rNeg     . . .     Faith    .   a - +0 robe
rPois    .         Spirit   .   b - +0 hat
rElec    .         Reflect  .   (no cloak)
rCorr    .         Harm     .   (no gloves)
MR       .....                  (no boots)
Stlth    ++........             j - amulet of rage
HPRegen  0.06/turn              (no ring)
MPRegen  0.13/turn              (no ring)

@: very slightly contaminated
A: no striking features
a: Evoke Berserk Rage


You were on level 2 of the Dungeon.
You were not hungry.

You visited 1 branch of the dungeon, and saw 2 of its levels.

You collected 109 gold pieces.

Inventory:

Hand Weapons
 o - a +2 dagger of draining
Missiles
 m - 7 atropa-tipped darts (quivered)
Armour
 a - a +0 robe (worn)
 b - a +0 hat (worn)
Jewellery
 j - an amulet of rage (around neck)
 n - a cursed amulet of inaccuracy {unknown}
Scrolls
 c - 2 scrolls of random uselessness {unknown}
 f - 4 scrolls of identify {unknown}
 i - a scroll of noise {unknown}
 k - 2 scrolls of teleportation {unknown}
 q - a scroll of enchant weapon {unknown}
Potions
 e - 2 potions of lignification {unknown}
 g - 2 potions of mutation {unknown}
 h - 2 potions of flight {unknown}
 l - 3 potions of brilliance {unknown}
 r - a potion of haste {unknown}
Comestibles
 d - 5 rations


   Skills:
 + Level 2.8 Dodging
 + Level 3.1 Stealth
 + Level 5.5 Spellcasting
 + Level 1.6 Conjurations
   Level 1.1 Summonings
 + Level 1.1 Translocations


You had 4 spell levels left.
You knew the following spells:

 Your Spells              Type           Power        Failure   Level  Hunger
a - Magic Dart            Conj           ##..         4%          1    None
b - Blink                 Tloc           N/A          9%          2    None
c - Conjure Flame         Conj/Fire      ##......     19%         3    ##.....
d - Mephitic Cloud        Conj/Pois/Air  #.......     22%         3    ##.....

Your spell library contained the following spells:

 Spells                   Type           Power        Failure   Level  Hunger
 Call Imp                 Summ           ##......     9%          2    None
 Slow                     Hex            #.......     14%         2    None


Dungeon Overview and Level Annotations

Branches:
Dungeon (2/15)

Altars:


Message History

Ouch! That really hurt!
Okay, then.
Okay, then.
Casting: Magic Dart (safe; 4% risk of failure)
Confirm with . or Enter, or press ? or * to list all spells.
Aiming: Magic Dart (safe; 4% risk of failure)
Press: ? - help, Shift-Dir - straight line, f/p - worm
Aim: a worm (heavily wounded)
The magic dart hits the worm.
The worm is severely wounded.
Casting: Magic Dart (safe; 4% risk of failure)
Confirm with . or Enter, or press ? or * to list all spells.
Aiming: Magic Dart (safe; 4% risk of failure)
Press: ? - help, Shift-Dir - straight line, f/p - worm
Aim: a worm (severely wounded)
The magic dart hits the worm.
The worm is almost dead.
The worm bites you!
Ouch! That really hurt!
You die...

....>......<......#..............
....##............#.####..##.....
.##.######...#.##.#.##...>.......
.##.# #...#......##.#..##.....
.##.# #...####.####.#..##.###.
.##.# #...# .. .....##.# #.
....#######.## ###.#.###.# #.
.#####.......#########.#.#.... ..
....##.# #..#..@w...>........##.
.##.##.####.......######...... #.
#.[...........)...# #.### #.
#.#.##.####.......### # #.
....##.####..........#
#....#.....†..##..##.#
#.###.#####.#.....# # ..# #.#
#.####.#.. #.# #.# #.# .....


You could see a worm.

Vanquished Creatures
  A leopard gecko (D:2)
  3 bats
  4 giant cockroaches (D:1)
  5 goblins
  6 hobgoblins
  3 jackals (D:2)
  2 kobolds
  5 frilled lizards
  14 rats (D:1)
43 creatures vanquished.

Notes
Turn   | Place    | Note
-------+----------+-------------------------------------------
     0 | D:1      | H0rd4k the Deep Elf Wizard began the quest for the Orb.
     0 | D:1      | Reached XP level 1. HP: 10/10 MP: 7/7
   284 | D:1      | Reached XP level 2. HP: 15/15 MP: 5/9
   295 | D:1      | Reached skill level 5 in Spellcasting
   746 | D:1      | Reached XP level 3. HP: 19/19 MP: 6/11
   750 | D:1      | Learned a level 2 spell: Blink
   754 | D:1      | Learned a level 3 spell: Conjure Flame
   758 | D:1      | Learned a level 3 spell: Mephitic Cloud
  1293 | D:2      | Slain by a worm

Levels and vault maps discovered:
D:1:      erik_arrival_orb_chamber, layout_basic, minmay_tromino_v4_a
D:2:      layout_loops_cross, overflow_temple_1_default, okawaru_trees_2,
          minmay_overflow_temple_star_quad, first_ration

Skill      XL: |  1  2  3 |
---------------+----------+-----
Spellcasting   | 5 |  5.5
Stealth        | 3 |  3.1
Dodging        | |  2.8
Conjurations   | |  1.6
Summonings     | |  1.1
Translocations | |  1.1

Action                   || total
-------------------------++-------
 Cast: Magic Dart        ||   103
  Eat: Chunk             ||     1
Armor: Robe              ||     1
Dodge: Dodged            ||     5
